 Dungeon Crawl Stone Soup version 0.21-a0-88-g13b9641 (webtiles) character file.

16 sagitran the Twirler (level 2, 0/20 HPs)
             Began as a Gnoll Wanderer on June 27, 2017.
             Slain by a hobgoblin
             ... wielding a +0 club
              (2 damage)
             ... on level 1 of the Dungeon.
             The game lasted 00:02:42 (371 turns).

sagitran the Twirler (Gnoll Wanderer)                Turns: 371, Time: 00:02:43

Health: 0/20       AC:  2    Str: 11    XL:     2   Next: 58%
Magic:  5/5        EV: 12    Int: 12    God:
Gold:   50         SH:  0    Dex: 13    Spells: 4/5 levels left

rFire    . . .     SeeInvis .   c - +0 quarterstaff
rCold    . . .     Gourm    .   (shield currently unavailable)
rNeg     . . .     Faith    .   d - +0 robe
rPois    .         Spirit   .   (no helmet)
rElec    .         Reflect  .   (no cloak)
rCorr    .         Harm     .   (no gloves)
MR       .....                  (no boots)
Stlth    ++........             (no amulet)
HPRegen  0.06/turn              (no ring)
MPRegen  0.09/turn              (no ring)

@: hasted, very quick
A: short attention span, fangs 1, strong nose
a: no special abilities


You were on level 1 of the Dungeon.
You were not hungry.

You visited 1 branch of the dungeon, and saw 1 of its levels.

You collected 50 gold pieces.

Inventory:

Hand Weapons
 c - a +0 quarterstaff (weapon)
Missiles
 e - 26 stones (quivered)
Armour
 d - a +0 robe (worn)
Scrolls
 h - a scroll of magic mapping {unknown}
 i - a scroll of identify {unknown}
 k - a scroll of fog {unknown}
Potions
 g - 3 potions of haste
 j - a potion of curing {unknown}
Books
 a - a book of Spatial Translocations

   Spells                             Type                      Level
   a - Blink                          Translocation                2
   b - Shroud of Golubria             Charms/Translocation         2
   c - Lesser Beckoning               Translocation                3
   d - Gell's Gravitas                Translocation                3
   e - Teleport Other                 Translocation                3
   f - Passage of Golubria            Translocation                4
 b - Kourom Ujoa's Compendium of Attacks

   Spells                             Type                      Level
   a - Magic Dart                     Conjuration                  1
   b - Mephitic Cloud                 Conjuration/Poison/Air       3
Comestibles
 f - a bread ration


   Skills:
 + Level 0.4 Fighting
 + Level 4.6 Staves
 + Level 2.1 Dodging
 + Level 1.5 Stealth
 + Level 2.1 Spellcasting
   Level 3.2 Charms
   Level 3.2 Translocations
   Level 1.7 Evocations


You had 4 spell levels left.
You knew the following spells:

 Your Spells              Type           Power        Failure   Level  Hunger
a - Magic Dart            Conj           #...         26%         1    ##.....


Dungeon Overview and Level Annotations

Branches:
Dungeon (1/15)

Altars:


Innate Abilities, Weirdness & Mutations

You have a short attention span.
You have very sharp teeth.
Your uncanny sense of smell can sniff out nearby items.


Message History

You see here a stone.
A bat and a dart slug come into view.
Found a scroll labeled WIHEJE BERCH.
The bat hits you but does no damage. The bat hits you but does no damage.
You hit the bat.
You kill the bat!
You see here 2 potions of haste.
g - 3 potions of haste (gained 2)
You see here a scroll labeled WIHEJE BERCH.
k - a scroll labeled WIHEJE BERCH You hit the kobold.
You kill the kobold!
You closely miss the hobgoblin. The hobgoblin hits you with a club.
* * * LOW HITPOINT WARNING * * *
The rat barely misses you.
You hit the hobgoblin.
The hobgoblin is moderately wounded.
The hobgoblin hits you with a club.
You die...

#### ..# #.# ∆ #.
#.#####.# . #@......#
.# # #rg.###.###.# #
####.#.###.....# #
.......w.......# #
#..............#######
#.....#........##.....
#.....#...#...).......
#.........##..†##.....
#.....##..##....######


You could see a dart slug, a hobgoblin and a rat.

Vanquished Creatures
  2 leopard geckos (D:1)
  6 bats (D:1)
  A hobgoblin (D:1)
  2 kobolds (D:1)
  A goblin (D:1)
  2 rats (D:1)
14 creatures vanquished.

Notes
Turn   | Place    | Note
-------+----------+-------------------------------------------
     0 | D:1      | sagitran the Gnoll Wanderer began the quest for the Orb.
     0 | D:1      | sagitran set off with: a book of Spatial Translocations, Kourom Ujoa's Compendium of Attacks, a +0 quarterstaff, a +0 robe, a bread ration
     0 | D:1      | Reached XP level 1. HP: 13/13 MP: 3/3
     0 | D:1      | Identified Kourom Ujoa's Compendium of Attacks
     2 | D:1      | Learned a level 1 spell: Magic Dart
    37 | D:1      | Reached skill level 4 in Staves
   138 | D:1      | Reached XP level 2. HP: 19/19 MP: 5/5
   371 | D:1      | Slain by a hobgoblin

Vault maps used:
D:1:      dpeg_arrival_water_altar

Skill      XL: |  1  2 |
---------------+-------+-----
Spellcasting   | 2 |  2.1
Staves         | 4 |  4.6
Dodging        | 2 |  2.1
Fighting       | |  0.4
Stealth        | |  1.5
Charms         | |  3.2
Translocations | |  3.2
Evocations     | |  1.7

Action                   || total
-------------------------++-------
Melee: Quarterstaff      ||    31
       Bite              ||     2
  Use: Potion            ||     1
Armor: Robe              ||    11
Dodge: Dodged            ||    30
